Map: Abyssal Reef LE

Players

MaNa

  • Race: Protoss Protoss
  • Spawn Location: 11:00

HateMe - Winner!

  • Race: Zerg Zerg
  • Spawn Location: 5:00

Event: WCS Valencia 2017

VOD

Have the link to the VOD?

Description

Time

  • Played on: July 13, 2017, 8:03 a.m.
  • Length: 14:19

All games in this series

Show
View Real Time Build Order
Export as new Build Order

MaNa Protoss 

Build Orders: 1 Gate Expand, Zealot Archon 

Get SALT Encoding   

  12  0:00  Probe (Chrono Boost)  
  13  0:11  Probe (Chrono Boost)  
  14  0:18  Pylon  
  14  0:22  Probe (Chrono Boost)  
  15  0:37  Probe (Chrono Boost)  
  15  0:39  Gateway  
  16  0:47  Probe (Chrono Boost)  
  16  0:49  Assimilator  
  17  0:58  Probe (Chrono Boost)  
  18  1:08  Probe (Chrono Boost)  
  19  1:19  Probe (Chrono Boost)  
  20  1:26  Nexus  
  20  1:35  Cybernetics Core  
  20  1:38  Probe (Chrono Boost)  
  21  1:43  Assimilator  
  21  1:49  Probe (Chrono Boost)  
  21  1:53  Pylon  
  22  2:00  Probe (Chrono Boost)  
  23  2:11  Probe (Chrono Boost)  
  23  2:12  Stalker  
  23  2:13  Warp Gate  
  26  2:22  Probe (Chrono Boost)  
  27  2:29  Robotics Facility  
  27  2:33  Probe (Chrono Boost)  
  28  2:37  Probe (Chrono Boost)  
  28  2:43  Probe (Chrono Boost)  
  28  2:44  Adept  
  32  2:48  Probe (Chrono Boost)  
  33  2:54  Probe (Chrono Boost)  
  34  2:59  Probe (Chrono Boost)  
  34  3:04  Probe (Chrono Boost)  
  36  3:10  Probe (Chrono Boost), Gateway  
  36  3:12  Gateway  
  37  3:15  Probe (Chrono Boost)  
  38  3:23  Probe (Chrono Boost), Warp Prism (Chrono Boost)  
  41  3:30  Mothership Core  
  41  3:33  Pylon  
  43  3:34  Probe  
  44  3:45  Probe, Pylon  
  45  3:51  Probe  
  45  3:53  Twilight Council  
  46  3:55  Probe (Chrono Boost)  
  47  4:03  Probe (Chrono Boost)  
  47  4:08  Observer, Probe (Chrono Boost)  
  50  4:12  Assimilator  
  50  4:14  Probe (Chrono Boost)  
  50  4:15  Assimilator  
  50  4:17  Sentry x3  
  53  4:18  Probe (Chrono Boost)  
  57  4:25  Probe (Chrono Boost)  
  57  4:29  Probe (Chrono Boost)  
  59  4:35  Probe (Chrono Boost)  
  59  4:39  Probe (Chrono Boost)  
  60  4:46  Pylon, Probe (Chrono Boost)  
  60  4:47  Pylon  
  60  4:48  Dark Shrine  
  60  4:50  Probe (Chrono Boost), Nexus  
  62  4:54  Charge (Chrono Boost), Pylon  
  62  5:02  Probe (Chrono Boost)  
  62  5:03  Immortal (Chrono Boost)  
  62  5:04  Probe (Chrono Boost)  
  68  5:13  Probe  
  68  5:16  Probe  
  68  5:18  Zealot x3  
  75  5:24  Probe  
  75  5:28  Probe  
  77  5:36  Probe  
  77  5:37  Pylon  
  77  5:41  Pylon  
  78  5:46  Gateway  
  78  5:55  Probe x2 (Chrono Boost), Immortal (Chrono Boost)  
  84  5:59  Gateway  
  84  6:00  Dark Templar  
  84  6:01  Dark Templar x2  
  90  6:07  Gateway x2  
  90  6:09  Probe (Chrono Boost)  
  91  6:14  Probe  
  91  6:15  Probe  
  93  6:32  Immortal (Chrono Boost)  
  97  6:37  Gateway  
  97  6:38  Gateway, Assimilator  
  97  6:40  Assimilator  
  97  6:41  Probe  
  97  6:43  Forge, Probe x2  
  93  6:56  Probe x2 (Chrono Boost)  
  93  6:57  Zealot x3, Stalker  
  93  7:00  Archon  
  95  7:04  Probe (Chrono Boost)  
  98  7:08  Probe x2 (Chrono Boost)  
  98  7:12  Immortal  
  98  7:14  Probe (Chrono Boost)  
  103  7:18  Probe x2 (Chrono Boost)  
  103  7:21  Protoss Ground Weapons Level 1 (Chrono Boost)  
  105  7:24  Probe  
  105  7:28  Probe  
  107  7:43  Zealot x3  
  107  7:44  Zealot x2  
  100  7:52  Immortal  
  94  8:06  Dark Templar x4  
  94  8:07  Probe, Dark Templar x2  
  94  8:09  Probe  
  108  8:13  Archon x3  
  108  8:18  Probe  
  108  8:24  Pylon  
  108  8:26  Pylon  
  109  8:30  Pylon x2  
  109  8:38  Pylon  
  109  8:39  Pylon  
  109  8:41  Probe  
  109  8:42  Probe  
  109  8:43  Immortal  
  109  8:44  Sentry  
  109  8:45  Dark Templar x2  
  121  8:49  Archon  
  121  8:50  Dark Templar x2  
  125  8:59  Probe, Nexus  
  125  9:00  Pylon  
  126  9:03  Sentry  
  126  9:05  Sentry, Archon  
  130  9:12  Photon Cannon  
  130  9:15  Probe  
  130  9:17  Probe  
  128  9:21  Sentry  
  128  9:22  Sentry x2  
  134  9:27  Probe, Warp Prism  
  134  9:29  Probe  
  138  9:32  Photon Cannon  
  138  9:38  Dark Templar x2  
  142  9:42  Archon  
  138  10:00  Probe x2  
  138  10:01  Probe  
  138  10:03  Immortal  
  138  10:04  Robotics Facility  
  139  10:10  Robotics Bay  
  139  10:14  Protoss Ground Weapons Level 2 (Chrono Boost)  
  139  10:15  Zealot x2  
  139  10:16  Zealot x2  
  147  10:21  Probe x2  
  147  10:22  Probe  
  147  10:24  Probe  
  151  10:31  Probe, Stalker  
  151  10:32  Probe  
  151  10:34  Probe  
  151  10:35  Probe  
  149  10:42  Probe x2  
  146  10:45  Probe  
  146  10:47  Probe  
  150  10:53  Probe x2  
  150  10:56  Probe  
  152  10:59  Probe  
  152  11:01  Colossus x2  
  152  11:03  Probe x2  
  145  11:06  Probe  
  146  11:13  Probe  
  146  11:14  Probe  
  145  11:24  Zealot x2  
  145  11:25  Zealot  
  131  11:28  Extended Thermal Lance (Chrono Boost)  
  131  11:30  Probe  
  131  11:31  Probe  
  127  11:41  Probe  
  127  11:43  Probe  
  121  11:47  Colossus  
  121  11:48  Colossus  
  131  12:11  Blink  
  131  12:16  Dark Templar x4  
  131  12:19  Nexus  
  131  12:20  Archon x2  
  137  12:25  Probe x2  
  137  12:29  Pylon  
  139  12:33  Stalker x2  
  139  12:34  Stalker  
  145  12:39  Zealot, Observer x2  
  149  12:50  Zealot  
  149  12:55  Warp Prism  
  149  12:56  Pylon  
  149  12:57  Pylon  
  149  12:58  Dark Templar x2  
  151  13:03  Archon  
  153  13:07  Stalker x2  
  153  13:09  Pylon  
  157  13:18  Zealot, Dark Templar  
  152  13:22  Probe x2  
  152  13:26  Probe  
  121  13:34  Probe  
  92  13:55  Zealot x2  
Show
View Real Time Build Order
Export as new Build Order

HateMe Zerg - Winner!

Build Orders: Hatch First 

Get SALT Encoding   

  12  0:02  Drone  
  13  0:13  Overlord  
  13  0:17  Drone  
  14  0:32  Drone x2  
  14  0:35  Drone  
  17  0:52  Hatchery  
  17  0:55  Drone  
  17  0:59  Drone  
  17  1:02  Extractor  
  17  1:15  Spawning Pool  
  17  1:17  Drone  
  17  1:21  Drone  
  18  1:28  Drone  
  19  1:39  Drone  
  20  1:53  Overlord  
  20  2:01  Drone  
  20  2:03  Metabolic Boost  
  20  2:04  Queen  
  20  2:06  Queen  
  25  2:10  Drone  
  25  2:13  Zergling x2  
  27  2:16  Zergling x2  
  27  2:22  Zergling x2  
  29  2:26  Drone  
  30  2:33  Drone  
  31  2:44  Hatchery  
  31  2:48  Pneumatized Carapace  
  31  2:50  Drone  
  31  2:56  Overlord  
  31  2:57  Drone  
  32  3:00  Drone  
  32  3:03  Drone  
  32  3:05  Drone  
  35  3:14  Drone  
  35  3:16  Queen  
  35  3:18  Overlord  
  38  3:21  Drone  
  38  3:23  Drone  
  38  3:25  Drone  
  41  3:27  Drone  
  41  3:33  Drone x2  
  44  3:40  Overlord  
  44  3:43  Drone  
  44  3:46  Drone  
  44  3:48  Overlord  
  45  4:01  Overlord  
  45  4:02  Queen x2  
  45  4:08  Zergling x14  
  56  4:16  Evolution Chamber  
  55  4:17  Drone  
  56  4:25  Drone  
  56  4:26  Spore Crawler  
  56  4:27  Drone  
  56  4:28  Drone x3  
  56  4:31  Drone x5  
  65  4:32  Drone  
  65  4:35  Drone x2  
  65  4:38  Drone  
  68  4:42  Lair  
  67  4:46  Zerg Melee Weapons Level 1  
  67  4:47  Overlord  
  67  4:49  Drone  
  67  4:50  Drone  
  69  4:57  Zergling x4  
  71  5:02  Zergling x2  
  71  5:04  Zergling x2  
  71  5:05  Zergling x2  
  74  5:07  Spore Crawler x2  
  74  5:12  Baneling Nest  
  74  5:13  Zergling x12  
  74  5:14  Zergling x6  
  80  5:20  Drone x3  
  81  5:27  Extractor  
  77  5:28  Extractor  
  77  5:29  Extractor x2  
  77  5:31  Extractor, Drone, Overlord  
  77  5:33  Drone  
  74  5:40  Drone x6  
  80  5:44  Hydralisk Den  
  79  6:00  Drone x2  
  79  6:01  Drone x7  
  79  6:02  Baneling x2  
  88  6:04  Baneling, Overlord  
  88  6:16  Muscular Augments, Drone  
  88  6:17  Drone  
  90  6:18  Drone  
  90  6:19  Hatchery, Drone  
  90  6:21  Overlord  
  90  6:23  Overseer  
  88  6:34  Hydralisk  
  88  6:35  Hydralisk x4  
  98  6:40  Centrifical Hooks, Drone  
  98  6:44  Hatchery  
  98  6:47  Hydralisk x3  
  98  6:51  Hydralisk  
  98  6:53  Zergling x2  
  98  6:54  Zergling x8  
  110  6:56  Zergling x6  
  114  7:08  Drone  
  114  7:10  Overlord x2  
  114  7:13  Baneling x2  
  114  7:14  Zerg Melee Weapons Level 2  
  114  7:23  Overseer  
  114  7:25  Overlord  
  114  7:29  Spore Crawler x2  
  111  7:30  Hydralisk  
  111  7:34  Baneling  
  111  7:35  Baneling x8, Zergling x2  
  111  7:36  Zergling x24  
  126  7:41  Zergling x2  
  126  7:42  Zergling x8  
  124  7:46  Zergling x2  
  118  7:57  Hydralisk x3  
  117  8:01  Hatchery  
  117  8:03  Hydralisk x3  
  121  8:20  Drone  
  121  8:21  Drone x7  
  121  8:25  Overlord  
  121  8:26  Overlord  
  129  8:30  Overlord  
  127  8:38  Baneling x4  
  127  8:47  Drone  
  127  8:48  Drone x3  
  131  8:51  Overlord x2  
  131  8:52  Hydralisk x8  
  148  9:02  Zergling x2  
  148  9:03  Zergling x4  
  148  9:09  Zergling x2  
  152  9:10  Zergling x2  
  150  9:17  Zergling x20  
  150  9:18  Baneling x3  
  150  9:19  Baneling x3  
  160  9:24  Zergling x4  
  160  9:26  Overseer  
  160  9:28  Zergling x8  
  166  9:36  Baneling x2  
  166  9:37  Baneling x20  
  166  9:38  Overlord  
  166  9:39  Overlord  
  166  9:40  Zerg Missile Weapons Level 1  
  166  9:41  Queen  
  166  9:44  Zergling x6  
  171  9:49  Hydralisk x4  
  171  9:51  Zergling x2  
  171  9:52  Zergling x2  
  165  10:00  Zergling x12  
  165  10:06  Baneling  
  169  10:07  Baneling x8  
  169  10:08  Zergling x8  
  173  10:22  Baneling  
  173  10:25  Zergling x2  
  173  10:26  Zergling x18  
  183  10:33  Infestation Pit  
  181  10:37  Overlord  
  181  10:40  Baneling x9  
  181  10:41  Baneling x4  
  180  10:50  Zergling x6  
  180  10:56  Overlord x3  
  181  11:00  Hydralisk x2  
  181  11:03  Hydralisk  
  176  11:14  Hive  
  151  11:27  Zergling x22  
  151  11:28  Zergling x6  
  156  11:41  Drone  
  156  11:46  Spire  
  153  11:47  Zergling x18  
  153  11:51  Queen  
  153  11:52  Extractor x2  
  153  11:53  Zergling x4  
  163  11:57  Zergling x4  
  164  12:06  Hydralisk x3  
  162  12:16  Hydralisk x9  
  162  12:21  Overlord  
  180  12:30  Hatchery, Baneling x10  
  180  12:34  Adrenal Glands  
  180  12:36  Zergling x14  
  185  12:49  Zergling x24  
  189  12:54  Baneling x6  
  189  12:55  Baneling x26  
  179  12:58  Greater Spire  
  177  13:06  Corruptor x2  
  177  13:11  Corruptor  
  174  13:28  Corruptor x5  
  171  13:40  Zergling x20  
  138  13:51  Hydralisk x4  
Tags
 
Add a new tag
Caveats
  • Supply blocks, unpowered buildings, or Contaminate may cause inaccurate times.
  • Supply counts are checked every 10 seconds.